 Dungeon Crawl Stone Soup version 0.27.1-35-g4d5d836560 (webtiles) character file.

Game seed: 4463812463193618586

798 cbfl8 the Chopper (level 7, -8/54 HPs)
             Began as a Minotaur Delver on Mar 29, 2022.
             Was an Initiate of Yredelemnul.
             Mangled by an ogre (17 damage)
             ... on level 7 of the Dungeon on Mar 31, 2022.
             The game lasted 00:13:14 (6508 turns).

cbfl8 the Chopper (Minotaur Delver)                 Turns: 6508, Time: 00:13:15

Health: -8/54      AC: 10    Str: 18    XL:     7   Next: 58%
Magic:  6/6        EV:  8    Int:  7    God:    Yredelemnul [......]
Gold:   208        SH: 10    Dex: 12    Spells: 6/6 levels left

rFire    x . .     SeeInvis .   a - +0 hand axe
rCold    + . .     Faith    .   o - +1 kite shield {AC+3}
rNeg     . . .     Spirit   .   s - +0 scale mail
rPois    .         Reflect  .   (helmet restricted)
rElec    .         Harm     .   k - scarf {repulsion}
rCorr    .         Rampage  .   (no gloves)
Will     .....                  (no boots)
Stlth    +.........             (no amulet)
HPRegen  0.18/turn              q - ring of ice
MPRegen  0.10/turn              (no ring)

@: attractive, repel missiles
A: horns 2, retaliatory headbutt, fangs 1, frail 1
a: Renounce Religion


You were on level 7 of the Dungeon.
You worshipped Yredelemnul.
Yredelemnul was noncommittal.
You visited 2 branches of the dungeon, and saw 8 of its levels.

You collected 208 gold pieces.

Inventory:

Hand Weapons
 a - a +0 hand axe (weapon)
Armour
 b - a +0 leather armour
 k - a scarf of repulsion (worn)
 o - a +1 kite shield of protection (worn)
 s - a +0 scale mail (worn)
Jewellery
 q - a ring of ice (left hand)
Wands
 g - a wand of digging (3)
Scrolls
 c - 2 scrolls of fog
 h - a scroll of enchant weapon {unknown}
 n - a scroll of amnesia
 p - a scroll of silence
 r - a scroll of teleportation
 t - a scroll of brand weapon {unknown}
Potions
 e - a potion of curing
 f - a potion of haste
 i - 2 potions of lignification
 v - a potion of might {unknown}
 w - a potion of ambrosia {unknown}
 x - a potion of brilliance {unknown}
 z - a potion of flight


   Skills:
 + Level 5.4 Fighting
 + Level 6.1 Axes
 + Level 4.1 Armour
 + Level 3.8 Dodging
 + Level 4.7 Stealth
 + Level 3.4 Shields


You had 6 spell levels left.
You didn't know any spells.
Your spell library was empty.

Dungeon Overview and Level Annotations

Branches:
Dungeon (7/15)             Temple (1/1) D:7

Altars:
Ashenzari
Cheibriados
Dithmenos
Elyvilon
Fedhas
Gozag
Hepliaklqana
Kikubaaqudgha
Makhleb
Nemelex Xobeh
Qazlal
Ru
Sif Muna
Trog
Uskayaw
Wu Jian
Xom
Yredelemnul
Zin
The Shining One

Shops:
D:6 (

Annotations:
D:3 Sigmund


Innate Abilities, Weirdness & Mutations

You have a pair of horns on your head.
You reflexively headbutt those who attack you in melee.
You have very sharp teeth.
You are frail. (-10% HP)


Message History

The ogre hits you with a +0 giant club!
You hit the ogre. Your headbutt misses the ogre.
The ogre is heavily wounded.
An ice beast comes into view.
You slash the ogre!
The ogre is almost dead.
You block the ogre's attack.
You completely miss the ogre. You headbutt the ogre.
The ogre is almost dead.
The ogre hits you with a +0 giant club!!
You hit the ogre but do no damage. Your headbutt misses the ogre.
The ogre is almost dead.
You barely miss the black bear. The ogre hits you with a +0 giant club!
* * * LOW HITPOINT WARNING * * *
The black bear bites you.
* * * LOW HITPOINT WARNING * * *
The black bear claws you but does no damage.
You block the black bear's attack.
It was a potion of mutation.
You feel extremely strange.
You feel frail.
Your teeth lengthen and sharpen.
You block the ogre's attack. You block the black bear's attack. x2
The black bear closely misses you.
It was a potion of attraction.
You feel attractive to monsters. You block the ogre's attack.
The black bear closely misses you. You furiously retaliate!
You headbutt the black bear.
The black bear claws you but does no damage.
The black bear claws you.
* * * LOW HITPOINT WARNING * * *
The ice beast is pulled toward you!
It was a potion of cancellation.
Your magical effects are unravelling.
You feel magically purged. The ice beast closely misses you.
The black bear barely misses you. You furiously retaliate!
You headbutt the black bear, but do no damage.
You block the black bear's attack.
The black bear claws you but does no damage.
The ogre hits you with a +0 giant club!
You die...
Your body rises from the dead as a mindless zombie.

<*,****,**,,,,***,,,,,,,,,,******
,,,,,,,,,+....*.,......,,,,**,,,,
,,,,^,,,**....#.#.?[...,,,,**,,,,
,,,,,#####............,,,,,**,,,,
,,,,,#.##..,...#.#...,,,*****,,,,
,,,,,#.##.###.......###.***,,,,**
,,,,,#.##.#...#.8.#.....,,,,,,***
,,,,,#.##...#...Oh..#...**,,,,***
*****#.##.#...8.@Y8...#,,,,,,,,,,
* #.##...#.......#!..,,,,,,,*, *
#........#.8.#...).,,*,,,,,,
#.###..........#(..,,*,,,*** ****
#<# #####.#.#.##,..,,,,,,*,,
,,,**#.# #.......,,.,,,,,,***
,,,,,..# ##.#.....****,,,,,,,
,,,,.### *.......# *,,,,,*,
,,,..* ###.....# *,,,,,,,


You could see a black bear, an ice beast and an ogre.

Vanquished Creatures
  An ice beast (D:5)
  A necrophage (D:5)
  2 centaurs (D:6)
  A scorpion (D:5)
  A hound (D:5)
  2 centaur skeletons (D:5)
  Jessica (D:3)
  Terence (D:2)
  3 orc wizards (D:5)
  6 adders
  A gnoll (D:2)
  An adder zombie (D:4)
  2 worms
  3 dart slugs
  11 orcs
  8 ball pythons
  8 endoplasms
  3 giant cockroaches (D:2)
  5 goblins
  7 hobgoblins
  5 jackals
  4 quokkas
  12 bats
  A frilled lizard (D:1)
  3 kobolds
  5 rats
98 creatures vanquished.

Vanquished Creatures (collateral kills)
  An orc wizard (D:4)
1 creature vanquished.

Grand Total: 99 creatures vanquished

Notes
Turn   | Place    | Note
-------+----------+-------------------------------------------
     0 | D:5      | cbfl8 the Minotaur Delver began the quest for the Orb.
     0 | D:5      | Reached XP level 1. HP: 19/19 MP: 0/0
     4 | D:5      | Noticed an orc wizard
   463 | D:4      | Reached XP level 2. HP: 24/27 MP: 1/1
   824 | D:3      | Noticed Jessica
  1166 | D:2      | Reached skill level 1 in Armour
  1166 | D:2      | Reached XP level 3. HP: 24/33 MP: 2/2
  1582 | D:2      | Found a shimmering blue altar of Sif Muna.
  1613 | D:2      | You fall into a shaft and drop 1 floor!
  2209 | D:1      | Reached skill level 3 in Axes
  2236 | D:1      | You fall into a shaft and drop 1 floor!
  2282 | D:2      | Reached XP level 4. HP: 40/40 MP: 3/3
  2328 | D:2      | Noticed Terence
  2339 | D:2      | Killed Terence
  2520 | D:2      | Reached skill level 1 in Shields
  3281 | D:3      | Noticed Sigmund
  3707 | D:3      | Killed Jessica
  3708 | D:3      | Reached XP level 5. HP: 44/46 MP: 4/4
  3862 | D:3      | HP: 2/69 [Sigmund (2)]
  4753 | D:5      | Reached skill level 4 in Axes
  4794 | D:5      | Noticed a necrophage
  4801 | D:5      | Killed a necrophage
  4802 | D:5      | Reached XP level 6. HP: 53/53 MP: 5/5
  4815 | D:5      | Noticed an ice beast
  4839 | D:5      | Killed an ice beast
  4840 | D:5      | Reached skill level 5 in Fighting
  4840 | D:5      | Reached skill level 5 in Axes
  5114 | D:5      | Reached XP level 7. HP: 58/61 MP: 6/6
  6009 | D:6      | Found Faum Yrphex's Antique Weapon Shop.
  6096 | D:6      | Reached skill level 6 in Axes
  6125 | D:7      | Found a staircase to the Ecumenical Temple.
  6136 | Temple   | Entered the Ecumenical Temple
  6481 | Temple   | Became a worshipper of Yredelemnul the Dark
  6506 | D:7      | Gained mutation: You are frail. (-10% HP) [potion of
                  | mutation]
  6506 | D:7      | Gained mutation: You have very sharp teeth. [potion of
                  | mutation]
  6508 | D:7      | Mangled by an ogre

Illustrated notes

Levels and vault maps discovered:
D:1:      dpeg_arrival_more_subterranean_lakeside_camping, layout_basic
D:2:      minmay_thinvault, layout_rooms, basic_altar, minmay_worlds_worst_comb,
          uniq_terence
D:3:      layout_basic, uniq_jessica, uniq_sigmund
D:4:      layout_basic, minmay_manual_mail
D:5:      layout_loops_ring
D:6:      layout_loops_ring, serial_shops, shop
D:7:      layout_basic, minmay_temple_entry_sparse_star, enter_bailey_2,
          minmay_starry_boxes
Temple:   regret_index_temple_chain_breaker

Skill      XL: |  1  2  3  4  5  6  7 |
---------------+----------------------+-----
Armour         | 1 2 3 4 |  4.1
Axes           | 3 4 5 6 |  6.1
Fighting       | 4 5 |  5.4
Shields        | 1 2 3 |  3.4
Dodging        | 3 |  3.8
Stealth        | |  4.7

Action                   |  1- 3 |  4- 6 |  7- 9 || total
-------------------------+-------+-------+-------++-------
Melee: Hand axe          |   101 |   163 |    55 ||   319
       Headbutt          |    13 |    24 |    10 ||    47
  Use: Scroll            |       |     7 |     2 ||     9
       Potion            |       |     6 |     4 ||    10
 Stab: Sleeping          |     4 |     1 |     1 ||     6
Armor: Leather armour    |    14 |       |       ||    14
       Scale mail        |    49 |   113 |    32 ||   194
       Skin              |       |    23 |       ||    23
Dodge: Dodged            |    50 |    60 |    30 ||   140
       Repelled          |       |     1 |     1 ||     2
Block: Kite shield       |    49 |    92 |    34 ||   175
